Map: Sueño eterno EE

Players

MrFercho - Winner!

  • Race: Zerg Zerg
  • League: Gold
  • Spawn Location: 7:00

aBove

  • Race: Protoss Protoss
  • League: Platinum
  • Spawn Location: 1:00

VOD

Have the link to the VOD?

Description

Time

  • Played on: Aug. 18, 2020, 8:57 p.m.
  • Length: 18:31
Show
View Real Time Build Order
Export as new Build Order

MrFercho Zerg - Winner!

Build Orders: Hatch First, Lurkers 

Get SALT Encoding   

  12  0:02  Drone  
  13  0:15  Overlord  
  13  0:16  Drone  
  14  0:34  Drone x2  
  16  0:49  Hatchery  
  15  0:52  Drone  
  15  0:56  Drone  
  17  1:02  Drone  
  18  1:12  Extractor  
  18  1:16  Spawning Pool  
  16  1:20  Drone  
  16  1:23  Drone  
  18  1:31  Drone  
  19  1:52  Overlord  
  19  2:04  Queen x2  
  19  2:06  Zergling x4  
  25  2:08  Drone  
  26  2:23  Drone  
  26  2:24  Drone x2  
  30  2:30  Drone  
  30  2:55  Drone  
  30  2:56  Drone x4  
  35  3:03  Metabolic Boost  
  35  3:05  Lair  
  35  3:09  Drone  
  36  3:12  Overlord  
  36  3:14  Overlord  
  36  3:30  Queen  
  38  3:37  Drone x7  
  45  3:42  Zergling x4  
  47  4:03  Evolution Chamber  
  47  4:05  Evolution Chamber  
  47  4:08  Zergling x10  
  50  4:20  Extractor, Drone  
  50  4:21  Extractor  
  49  4:29  Zerg Melee Weapons Level 1  
  49  4:31  Zerg Ground Armor Level 1  
  49  4:38  Drone  
  49  4:42  Queen  
  52  4:45  Overlord  
  52  4:49  Overlord  
  52  5:18  Drone x3  
  52  5:19  Drone x3  
  52  5:21  Overseer  
  58  5:32  Baneling Nest  
  57  5:39  Hydralisk Den  
  57  5:40  Drone  
  57  5:55  Drone x2  
  57  5:57  Hatchery  
  58  5:59  Extractor, Hatchery, Drone  
  58  6:00  Hatchery  
  58  6:01  Drone x3  
  59  6:22  Grooved Spines  
  59  6:26  Zerg Melee Weapons Level 2  
  59  6:27  Spore Crawler  
  59  6:31  Zerg Missile Weapons Level 1  
  58  6:42  Infestation Pit  
  57  6:54  Overlord x2  
  57  6:55  Overlord  
  57  6:56  Overlord  
  57  6:58  Drone x3  
  60  7:26  Hive  
  60  7:34  Muscular Augments  
  60  7:36  Lurker Den  
  59  7:37  Spore Crawler  
  59  7:42  Spore Crawler  
  57  7:50  Hydralisk x9  
  75  7:52  Drone  
  75  7:53  Drone x22  
  98  8:02  Drone x2  
  98  8:03  Drone  
  101  8:12  Spore Crawler  
  100  8:19  Extractor  
  99  8:20  Extractor  
  98  8:39  Overlord x3  
  98  8:41  Hydralisk x5  
  98  8:42  Hydralisk  
  98  8:45  Zerg Missile Weapons Level 2  
  110  8:51  Zerg Melee Weapons Level 3  
  110  9:08  Spore Crawler  
  109  9:31  Hatchery  
  108  9:32  Pneumatized Carapace  
  108  9:45  Adrenal Glands  
  108  9:46  Seismic Spines  
  108  9:50  Lurker x3  
  111  9:53  Zergling x30  
  111  9:54  Zergling x16  
  134  10:24  Baneling  
  134  10:25  Baneling x17  
  134  10:26  Baneling  
  134  10:30  Overlord x3  
  134  10:31  Overlord x3  
  134  10:43  Adaptive Talons  
  100  11:25  Hydralisk x9  
  98  11:26  Hydralisk x13  
  98  11:32  Lurker  
  143  11:38  Drone x4  
  143  11:39  Drone x5  
  144  11:54  Hydralisk x2  
  144  11:55  Hydralisk x5  
  144  11:57  Zergling x2  
  144  11:58  Zergling x18  
  144  12:01  Overseer  
  146  12:07  Lurker  
  147  12:09  Lurker  
  147  12:14  Spore Crawler  
  147  12:19  Spine Crawler  
  147  12:24  Spine Crawler  
  146  12:38  Lurker x2  
  146  12:39  Lurker x2  
  150  12:47  Extractor  
  150  12:49  Extractor  
  148  12:54  Centrifical Hooks  
  148  13:32  Spire  
  147  13:35  Overlord x3  
  147  13:36  Overlord x2  
  147  13:38  Overseer  
  147  13:52  Lurker x3  
  147  13:53  Lurker  
  151  13:56  Hydralisk x5  
  151  13:57  Hydralisk x6  
  151  14:00  Zergling x2  
  151  14:01  Zergling x28  
  188  14:03  Queen  
  188  15:10  Hydralisk x6  
  188  15:11  Hydralisk  
  86  15:50  Hydralisk x15  
  86  15:52  Zergling x18  
  123  16:04  Zergling x6  
  90  16:21  Zergling x16  
  70  16:37  Hatchery x2  
  70  16:38  Zergling x10  
Show
View Real Time Build Order
Export as new Build Order

aBove Protoss 

Build Orders: Colossus Rush 

Get SALT Encoding   

  12  0:01  Probe  
  13  0:13  Probe  
  14  0:30  Pylon  
  14  0:32  Probe  
  15  0:51  Gateway  
  15  0:54  Gateway  
  15  0:58  Gateway  
  15  1:05  Probe  
  15  1:06  Assimilator  
  16  1:18  Probe  
  17  1:38  Probe  
  18  1:43  Cybernetics Core  
  18  1:49  Nexus  
  18  1:53  Probe  
  19  2:00  Assimilator  
  19  2:15  Warp Gate (Chrono Boost), Probe  
  20  2:25  Pylon  
  20  2:40  Adept  
  20  2:43  Adept  
  24  2:48  Pylon  
  24  2:50  Assimilator  
  24  2:52  Assimilator  
  24  2:59  Pylon  
  24  3:03  Probe (Chrono Boost)  
  26  3:08  Probe (Chrono Boost)  
  27  3:14  Probe (Chrono Boost)  
  27  3:19  Probe x2 (Chrono Boost)  
  28  3:24  Robotics Facility  
  28  3:42  Gateway  
  28  3:47  Probe (Chrono Boost)  
  30  3:49  Stalker  
  30  3:52  Probe (Chrono Boost)  
  33  3:56  Probe (Chrono Boost)  
  33  4:14  Sentry  
  35  4:20  Probe x2  
  35  4:23  Robotics Bay  
  37  4:30  Gateway  
  37  4:31  Warp Prism  
  39  4:37  Adept  
  41  4:45  Twilight Council  
  41  4:47  Probe  
  42  4:58  Probe  
  42  4:59  Probe  
  44  5:00  Zealot  
  46  5:09  Colossus  
  46  5:15  Probe (Chrono Boost)  
  46  5:20  Probe (Chrono Boost)  
  54  5:29  Pylon  
  54  5:46  Pylon  
  54  5:48  Probe (Chrono Boost)  
  56  5:50  Probe (Chrono Boost)  
  56  5:59  Probe  
  57  6:11  Adept x4  
  57  6:25  Stalker  
  59  6:26  Stalker, Colossus (Chrono Boost)  
  59  6:32  Probe (Chrono Boost)  
  69  6:37  Probe (Chrono Boost)  
  69  6:45  Probe (Chrono Boost)  
  70  6:49  Nexus  
  70  6:52  Pylon  
  70  6:54  Pylon  
  70  6:56  Pylon  
  70  7:08  Pylon  
  70  7:10  Pylon  
  70  7:13  Shield Battery  
  70  7:15  Probe x2  
  72  7:16  Colossus  
  78  7:24  Templar Archives  
  78  7:32  Forge  
  78  7:34  Forge  
  78  7:38  Gateway  
  78  7:39  Gateway  
  78  7:41  Pylon x2  
  78  7:44  Probe (Chrono Boost)  
  80  7:48  Probe (Chrono Boost)  
  80  7:49  Charge (Chrono Boost), Zealot x2  
  84  7:57  Probe (Chrono Boost)  
  84  7:58  Probe (Chrono Boost)  
  86  8:08  Shield Battery  
  86  8:10  Observer  
  86  8:11  Shield Battery, Probe (Chrono Boost)  
  86  8:12  Probe (Chrono Boost)  
  90  8:14  Assimilator  
  90  8:17  Probe (Chrono Boost), Zealot x2  
  90  8:18  Assimilator  
  94  8:34  Psionic Storm  
  94  8:36  Zealot x2  
  94  8:37  Zealot x2  
  94  8:38  High Templar  
  94  8:39  High Templar  
  106  8:41  Protoss Ground Weapons Level 1 (Chrono Boost)  
  106  8:43  Archon  
  106  8:51  Probe x2  
  108  9:02  Protoss Ground Armor Level 1 (Chrono Boost)  
  108  9:03  Pylon  
  108  9:04  Probe (Chrono Boost)  
  108  9:06  Pylon  
  108  9:07  Zealot x3  
  108  9:09  Probe (Chrono Boost)  
  117  9:10  High Templar  
  117  9:11  Probe (Chrono Boost)  
  119  9:26  High Templar x2  
  119  9:27  High Templar x2  
  119  9:28  High Templar  
  129  9:32  Archon x2  
  129  9:34  Colossus (Chrono Boost)  
  129  9:35  Archon  
  135  9:47  Gateway  
  135  9:49  Gateway  
  135  9:51  Robotics Facility  
  135  9:54  Stalker  
  137  10:07  Probe x2  
  139  10:33  Colossus (Chrono Boost)  
  139  10:36  Protoss Ground Weapons Level 2 (Chrono Boost)  
  145  10:44  Pylon  
  145  10:57  Pylon  
  145  11:01  Zealot x5  
  145  11:03  Pylon  
  152  11:07  Pylon  
  148  11:14  Nexus  
  148  11:16  Pylon  
  148  11:18  Pylon  
  122  11:20  Pylon  
  112  11:32  High Templar x5  
  122  11:33  Zealot  
  122  11:34  Zealot x2  
  128  11:47  Photon Cannon  
  128  11:50  Photon Cannon  
  128  11:52  Photon Cannon  
  124  11:54  Photon Cannon  
  114  12:21  High Templar x4, Nexus  
  114  12:22  High Templar x2  
  126  12:23  Pylon, Zealot x2  
  126  12:25  Pylon  
  130  12:30  Photon Cannon  
  130  12:36  Photon Cannon  
  130  12:39  Shield Battery  
  130  12:43  Shield Battery  
  130  12:46  Assimilator  
  130  12:50  Assimilator  
  130  12:51  Archon x2  
  130  12:59  Probe x3  
  130  13:03  Assimilator  
  133  13:07  Assimilator  
  133  13:11  Probe x2  
  135  13:25  Colossus  
  135  13:26  Observer  
  142  13:30  Protoss Ground Weapons Level 3 (Chrono Boost)  
  142  13:40  Protoss Ground Armor Level 2 (Chrono Boost)  
  142  13:47  Colossus  
  148  13:50  Probe x3  
  151  13:58  Zealot x3  
  151  13:59  Zealot  
  151  14:00  Zealot x2  
  151  14:02  Sentry x2, Probe x2  
  169  14:21  High Templar x4  
  177  14:24  Zealot x2  
  177  14:25  Zealot  
  177  14:29  Archon x2  
  183  15:00  High Templar  
  183  15:01  High Templar x2  
  183  15:02  Zealot x4  
  183  15:03  Stalker  
  186  15:23  Stalker x3  
  186  15:24  Stalker  
  186  15:27  Zealot  
  124  16:37  Nexus  
  124  16:39  Pylon  
  123  16:42  Pylon  
  123  16:44  Pylon  
Tags
 
Composition
Lurkers
Matchup
PvZ
Replay Pack
MrFercho
Spawn Locations
Cross Positions
Add a new tag
Caveats
  • Supply blocks, unpowered buildings, or Contaminate may cause inaccurate times.
  • Supply counts are checked every 10 seconds.